 Dungeon Crawl Stone Soup version 0.14-a0-1876-g927fc3a (webtiles) character file.

776 Deemzul the Martial Artist (level 7, -1/46 HPs)
             Began as an Octopode Monk on Jan 15, 2014.
             Slain by Deemzul's ghost (16 damage)
             ... on Level 5 of the Dungeon.
             The game lasted 00:06:38 (2848 turns).

Deemzul the Martial Artist (Octopode Monk)          Turns: 2848, Time: 00:06:38

HP  -1/46        AC  1     Str 11      XL: 7   Next: 43%
MP   7/7         EV 12     Int 12      God:
Gold 167         SH  7     Dex 16      Spells:  0 memorised,  6 levels left

rFire  . . .     SeeInvis .       - Unarmed
rCold  . . .     Clarity  .     p - +0 buckler
rNeg   . . .     Conserve .     (helmet restricted)
rPois  .         rCorr    .     (no amulet)
rElec  .         rRot     .     (no ring)
SustAb . .       Spirit   .     (no ring)
rMut   .         Warding  .     (no ring)
Saprov . . .     Stasis   .     (no ring)
MR     .....                    (no ring)
                                (no ring)
                                (no ring)
                                (no ring)

@: not resistant to hostile enchantments, quite stealthy
A: almost no armour, amphibious, 8 rings, constrict 8, camouflage 1, gelatinous
body 1
a: no special abilities


You were on level 5 of the Dungeon.
You were near starving.

You visited 1 branch of the dungeon, and saw 5 of its levels.

You collected 167 gold pieces.

Inventory:

Hand weapons
 d - a +0,+2 whip of freezing
 v - a -1,-2 spear
Armour
 p - a +0 buckler (worn)
Comestibles
 b - 2 bread rations
 j - a snozzcumber
 k - a pear
 l - 8 sultanas
 o - a honeycomb
 q - 3 meat rations
 t - 2 chokos
 u - 2 apples
Scrolls
 e - 2 scrolls of noise {unknown}
 g - a scroll of teleportation
 i - a scroll of enchant armour {unknown}
 m - 2 scrolls of remove curse
 s - a scroll of fear
Potions
 a - 7 potions of curing {unknown}
 c - 2 potions of might {unknown}
 f - a potion of confusion {unknown}
 h - a potion of lignification {unknown}
 n - a potion of porridge
 x - a potion of mutation {unknown}
 z - a potion of invisibility {unknown}


   Skills:
 - Level 3.0 Fighting
 - Level 3.0 Dodging
 - Level 2.6 Stealth
 + Level 8.8 Unarmed Combat


You had 6 spell levels left.
You didn't know any spells.

Dungeon Overview and Level Annotations

Branches:
Dungeon (5/16)
 Temple: D:4-7

Altars:

Annotations:
D:2 Crazy Yiuf
D:5 Deemzul's ghost, average OpMo


Innate Abilities, Weirdness & Mutations

You cannot wear most types of armour.
You are amphibious.
You can wear up to eight rings at the same time.
You can use your tentacles to constrict many enemies at once.
Your skin changes colour to match your surroundings (Stlth).
Your rubbery body absorbs attacks (AC +1).


Message History

You barely miss Deemzul's ghost. You tentacle-slap Deemzul's ghost!
Your squeeze misses Deemzul's ghost.
Deemzul's ghost is heavily damaged.
Deemzul's ghost barely misses you.
You barely miss Deemzul's ghost. Your squeeze misses Deemzul's ghost.
Deemzul's ghost is heavily damaged.
Deemzul's ghost hits you.
You barely miss Deemzul's ghost. You squeeze Deemzul's ghost!
Deemzul's ghost is severely damaged.
Deemzul's ghost hits you.
You barely miss Deemzul's ghost.
Deemzul's ghost is severely damaged.
Deemzul's ghost hits you.
You barely miss Deemzul's ghost. You tentacle-slap Deemzul's ghost.
Deemzul's ghost is severely damaged.
Deemzul's ghost closely misses you.
You hit Deemzul's ghost. You squeeze Deemzul's ghost.
Deemzul's ghost is almost destroyed.
Deemzul's ghost hits you!
You die...

##.###.### #..# #....
#..###.### #.[..<.#
#.##.### ###.##...#
##........#
##.########....##...###
#....p@........##......
#....######....##...###
#.## #............
#.#####...... #.#
##..### #.# #..# # #.#
#..# # #.# #..# # .
#..# #


You could see Deemzul's ghost.

Vanquished Creatures
  Pikel (D:3)
  A worker ant (D:3)
  3 adders
  2 worms (D:3)
  2 oozes
  6 orcs (D:3)
  A giant cockroach (D:1)
  12 goblins
  6 hobgoblins
  4 jackals (D:3)
  A quokka (D:3)
  A ball python (D:2)
  9 bats
  4 giant geckos
  10 giant newts
  10 kobolds
  An orc skeleton (D:5)
  7 rats
81 creatures vanquished.

Vanquished Creatures (others)
  A jackal (D:4)
1 creature vanquished.

Grand Total: 82 creatures vanquished

Notes
Turn   | Place    | Note
--------------------------------------------------------------
     0 | D:1      | Deemzul, the Octopode Monk, began the quest for the Orb.
     0 | D:1      | Reached XP level 1. HP: 16/16 MP: 1/1
   128 | D:1      | Reached XP level 2. HP: 18/21 MP: 2/2
   534 | D:2      | Reached XP level 3. HP: 13/26 MP: 3/3
   662 | D:2      | Reached skill level 5 in Unarmed Combat
  1049 | D:2      | Reached XP level 4. HP: 23/31 MP: 4/4
  1235 | D:2      | Noticed Crazy Yiuf
  1559 | D:3      | Reached skill level 6 in Unarmed Combat
  1836 | D:3      | Reached XP level 5. HP: 34/36 MP: 5/5
  2081 | D:4      | Noticed a slave
  2082 | D:4      | Noticed Pikel
  2082 | D:4      | Noticed a slave
  2091 | D:4      | Noticed a slave
  2401 | D:3      | Killed Pikel
  2401 | D:3      | Reached skill level 8 in Unarmed Combat
  2401 | D:3      | Reached XP level 6. HP: 42/42 MP: 6/6
  2401 | D:3      | Reached XP level 7. HP: 46/46 MP: 7/7
  2750 | D:5      | Entered Level 5 of the Dungeon
  2840 | D:5      | Noticed Deemzul's ghost (average OpMo)
  2848 | D:5      | Slain by Deemzul's ghost

Action                   |  1- 3 |  4- 6 |  7- 9 || total
-------------------------+-------+-------+-------++-------
Melee: Unarmed           |    99 |    44 |    29 ||   172
       Spear             |       |   156 |       ||   156
  Use: Scroll            |       |       |     9 ||     9
 Stab: Sleeping          |     8 |     6 |     1 ||    15
